 Dungeon Crawl Stone Soup version 0.28-a0-512-g960c72b710 (webtiles) character file.

Game seed: 6908688250838881052

124 p00p3nd0rk the Chiller (level 5, 0/35 HPs)
             Began as a Human Ice Elementalist on Sept 22, 2021.
             Shot with an arrow by a centaur (12 damage)
             ... on level 4 of the Dungeon.
             The game lasted 00:11:01 (3108 turns).

p00p3nd0rk the Chiller (Human Ice Elementalist)     Turns: 3108, Time: 00:11:01

Health: 0/35       AC:  2    Str:  8    XL:     5   Next: 30%
Magic:  9/9        EV: 12    Int: 17    God:
Gold:   169        SH:  0    Dex: 13    Spells: 5/9 levels left

rFire   . . .      SeeInvis .   b - +1 whip (elec)
rCold   . . .      Faith    .   (no shield)
rNeg    . . .      Spirit   .   a - +0 robe
rPois   .          Reflect  .   (no helmet)
rElec   .          Harm     .   (no cloak)
rCorr   .          Rampage  .   (no gloves)
Will    .....                   (no boots)
Stlth   ++........              (no amulet)
HPRegen 0.11/turn               (no ring)
MPRegen 0.11/turn               (no ring)

@: no status effects
A: no striking features
a: no special abilities


You were on level 4 of the Dungeon.
You visited 1 branch of the dungeon, and saw 4 of its levels.

You collected 169 gold pieces.

Inventory:

Hand Weapons
 b - a +1 whip of electrocution (weapon)
Missiles
 g - 58 bolts
Armour
 a - a +0 robe (worn)
Wands
 k - a wand of digging (7)
Scrolls
 e - a scroll of teleportation {unknown}
 h - a scroll of vulnerability {unknown}
 i - a scroll of identify {unknown}
 m - a scroll of torment {unknown}
 o - 2 scrolls of noise {unknown}
Potions
 c - a potion of haste {unknown}
 d - a potion of attraction {unknown}
 f - a potion of heal wounds {unknown}
 j - a potion of resistance {unknown}
 l - a potion of degeneration {unknown}
 n - 2 potions of curing {unknown}


   Skills:
 + Level 1.6 Maces & Flails
 + Level 2.7 Dodging
 + Level 2.9 Stealth
 + Level 2.7 Spellcasting
 + Level 4.6 Ice Magic


You had 5 spell levels left.
You knew the following spells:

 Your Spells              Type           Power      Damage    Failure   Level
a - Freeze                Ice            72%        1d9       2%          1
b - Frozen Ramparts       Ice            36%        1d5       8%          3

Your spell library contained the following spells:

 Spells                   Type           Power      Damage    Failure   Level
 Ozocubu's Armour         Ice            18%        N/A       8%          3
 Animate Skeleton         Necr           4%         N/A       19%         1
 Magic Dart               Conj           8%         1d3       19%         1
 Pain                     Necr           8%         1d4       19%         1
 Searing Ray              Conj           4%         2d4       26%         2
 Vampiric Draining        Necr           1%         2d6       47%         3
 Hailstorm                Conj/Ice       10%        3d5       56%         4
 Animate Armour           Summ/Erth      4%         N/A       87%         4
 Fulminant Prism          Conj/Hex       1%         3d6       87%         4
 Blade Hands              Tmut           1%         N/A       99%         5
 Iron Shot                Conj/Erth      1%         9d1       100%        6


Dungeon Overview and Level Annotations

Branches:
Dungeon (4/15)
 Temple: D:4-7

Altars:
Nemelex Xobeh
The Shining One


Message History

There is a stone staircase leading up here.
Casting: Freeze (safe; 2% risk of failure)
Confirm with . or Enter, or press ? or * to list all spells.
Aiming: Freeze (safe; 2% risk of failure)
Press: ? - help, Shift-Dir - straight line, f - kobold
Aim: a kobold, wielding a +0 short sword You freeze the kobold.
The kobold is severely wounded.
The kobold closely misses you.
Casting: Freeze (safe; 2% risk of failure)
Confirm with . or Enter, or press ? or * to list all spells.
Aiming: Freeze (safe; 2% risk of failure)
Press: ? - help, Shift-Dir - straight line, f/p - kobold
Aim: a kobold, wielding a +0 short sword (severely wounded)
You freeze the kobold.
You kill the kobold!
Things that are here:
a +0 short sword; a kobold corpse Magic restored.
HP restored.
You now have 155 gold pieces (gained 8).
Found 26 arrows.
You now have 169 gold pieces (gained 14).
A ball python comes into view.
The centaur shouts!
You hit the ball python.
The ball python is heavily wounded.
The ball python barely misses you. The ball python misses you.
The ball python closely misses you. The ball python grabs you.
The ball python constricts you.
You escape the ball python's grasp.
The centaur shoots an arrow.
The arrow hits you.
The centaur shoots an arrow.
The arrow hits you!
The centaur shoots an arrow.
The arrow hits you!
The ball python bites you but does no damage.
The ball python closely misses you.
The centaur shoots an arrow.
The arrow misses you.
The centaur shoots an arrow.
The arrow misses you.
The centaur shoots an arrow.
The arrow hits you!
You die...

##..#....####.....
#..#....## .....
#......## .....
#....c## .....
..#######....## .....
..............## ...
...........S...###.#
....................
..........@.........
............##.......
...........## ##.....
...........# ##...
.......)<..# #..
....##.....# ...
##.....# ##....#
#.....#


You could see a centaur and a ball python.

Vanquished Creatures
  A hound (D:3)
  Terence (D:3)
  2 adders
  A worm (D:3)
  5 endoplasms
  5 giant cockroaches
  2 goblins
  3 hobgoblins (D:1)
  3 jackals (D:1)
  6 ball pythons
  4 bats
  2 frilled lizards (D:1)
  7 kobolds
  9 rats
51 creatures vanquished.

Notes
Turn   | Place    | Note
-------+----------+-------------------------------------------
     0 | D:1      | p00p3nd0rk the Human Ice Elementalist began the quest for
                  | the Orb.
     0 | D:1      | Reached XP level 1. HP: 13/13 MP: 3/3
   220 | D:1      | Reached XP level 2. HP: 15/19 MP: 5/5
   784 | D:1      | Reached XP level 3. HP: 24/24 MP: 6/6
   801 | D:1      | Learned a level 3 spell: Frozen Ramparts
   894 | D:1      | Found a faded altar of an unknown god.
  1448 | D:2      | Found a glowing golden altar of the Shining One.
  1527 | D:2      | Reached skill level 1 in Maces & Flails
  1821 | D:3      | Noticed Terence
  1828 | D:3      | Killed Terence
  1829 | D:3      | Reached XP level 4. HP: 18/30 MP: 0/7
  2272 | D:3      | Reached XP level 5. HP: 35/35 MP: 4/8
  2537 | D:3      | Found a sparkling altar of Nemelex Xobeh.
  2858 | D:4      | Noticed a centaur
  3108 | D:4      | Shot with an arrow by a centaur

Illustrated notes

Levels and vault maps discovered:
D:1:      roderic_octagonal_star, layout_rooms,
          shapermc_ecumenical_altar_pompeii, minmay_misc_feat_five,
          amcnicky_mini_rare_corridor_liquid
D:2:      layout_rooms, basic_altar
D:3:      layout_rooms, nemelex_spade_bored_becter, uniq_terence
D:4:      layout_layer_cave, uniq_edmund

Skill      XL: |  1  2  3 |
---------------+----------+-----
Maces & Flails | 1 |  1.6
Dodging        | |  2.7
Stealth        | |  2.9
Spellcasting   | |  2.7
Ice Magic      | |  4.6

Action                   |  1- 3 |  4- 6 || total
-------------------------+-------+-------++-------
Melee: Unarmed           |     6 |       ||     6
       Whip              |    68 |    37 ||   105
 Cast: Freeze            |    17 |     4 ||    21
       Frozen Ramparts   |       |     2 ||     2
 Stab: Sleeping          |     6 |     2 ||     8
Armor: Robe              |    12 |    10 ||    22
Dodge: Dodged            |    53 |    41 ||    94

Table legend: (Time is in decaauts)
 A = Elapsed time spent in this place.
 B = Non-inter-level travel time spent in this place.
 C = Inter-level travel time spent in this place.
 D = Time resting spent in this place.
 E = Time spent auto-exploring this place.
 F = Levels seen in this place.
 G = Mean time per level.
                   A        B        C        D        E       F      G
               +--------+--------+--------+--------+--------+-----+--------+
         Total |   3115 |   2990 |    125 |      0 |   2272 |   4 |  778.8 |
       Dungeon |   3115 |   2990 |    125 |      0 |   2272 |   4 |  778.8 |
               +--------+--------+--------+--------+--------+-----+--------+

Top non-repeatable levels by time:
     D:1: 1215 daAuts
     D:3: 1148 daAuts
     D:2: 609 daAuts
     D:4: 141 daAuts
